 Dungeon Crawl Stone Soup version 0.22.1-2-g9c5b331 (webtiles) character file.

107 diana the Sneak (level 4, 0/30 HPs)
             Began as an Octopode Assassin on Dec 30, 2018.
             Slain by an orc
             ... wielding a +0 dagger
              (5 damage)
             ... on level 3 of the Dungeon.
             The game lasted 00:01:32 (1552 turns).

diana the Sneak (Octopode Assassin)                 Turns: 1552, Time: 00:01:33

Health: 0/30       AC:  1    Str: 16    XL:     4   Next: 86%
Magic:  4/4        EV: 13    Int: 13    God:
Gold:   59         SH:  0    Dex: 13    Spells: 3/3 levels left

rFire    . . .     SeeInvis .   a - +2 dagger
rCold    . . .     Gourm    .   (no shield)
rNeg     . . .     Faith    .   (helmet restricted)
rPois    .         Spirit   .   (no amulet)
rElec    .         Reflect  .   (no ring)
rCorr    .         Harm     .   (no ring)
MR       .....                  (no ring)
Stlth    ++++......             (no ring)
HPRegen  0.10/turn              (no ring)
MPRegen  0.09/turn              (no ring)
                                (no ring)
                                (no ring)

@: mighty
A: almost no armour, stealthy swim, amphibious, 8 rings, constrict 8, camouflage
1, gelatinous body 1
a: no special abilities


You were on level 3 of the Dungeon.
You were not hungry.

You visited 1 branch of the dungeon, and saw 3 of its levels.

You collected 59 gold pieces.

Inventory:

Hand Weapons
 a - a +2 dagger (weapon)
 b - a +0 blowgun
Missiles
 c - 13 poisoned needles
 d - 2 curare-tipped needles
Scrolls
 h - a scroll of enchant weapon {unknown}
 i - a scroll of random uselessness {unknown}
 k - a scroll of magic mapping {unknown}
 m - 2 scrolls of identify {unknown}
Potions
 g - a potion of invisibility {unknown}
 j - a potion of agility {unknown}
 l - a potion of haste {unknown}
Comestibles
 f - 4 rations


   Skills:
 + Level 2.7 Fighting
 * Level 3.4 Short Blades
 - Level 2.0 Throwing
 + Level 2.1 Dodging
 + Level 6.0 Stealth


You had 3 spell levels left.
You didn't know any spells.
Your spell library was empty.

Dungeon Overview and Level Annotations

Branches:
Dungeon (3/15)

Altars:
Ashenzari
Cheibriados


Innate Abilities, Weirdness & Mutations

You cannot wear most types of armour.
You are very stealthy in the water. (Stealth+)
You are amphibious.
You can wear up to eight rings at the same time.
You can use your tentacles to constrict eight enemies at once.
Your skin changes colour to match your surroundings (Stealth+).
Your rubbery body absorbs attacks. (AC +1, EV +1)


Message History

You puncture the orc!
You kill the orc!
The orc misses you.
You completely miss the orc. You grab the orc. Your squeeze misses the orc.
The orc is moderately wounded.
You constrict the orc. The orc barely misses you.
You closely miss the orc. You grab the orc. You constrict the orc. x2
The orc hits you with a short sword.
* * * LOW HITPOINT WARNING * * *
Unknown command.
You hit the orc. You squeeze the orc.
You kill the orc!
You constrict the orc.
You kill the orc!
Unknown command.
You closely miss the orc. Your grab misses the orc.
Your squeeze misses the orc. The orc closely misses you.
You barely miss the orc. You grab the orc. You constrict the orc.
The orc hits you with a dagger.
You die...

##.........#
#####....###.##
.........#
#######..# #..#
#..# ###(.#
#)og.# #@##.#
#.##.# #.##.# #
#.##.# # #.##.#
# #.##.# #.##.#
#....#
##....###


You could see an orc and a hobgoblin.

Vanquished Creatures
  A hound skeleton (D:2)
  3 adders
  2 oozes (D:1)
  A dart slug (D:2)
  2 leopard geckos (D:2)
  7 orcs
  2 giant cockroaches (D:1)
  6 goblins
  3 hobgoblins (D:3)
  4 jackals (D:2)
  2 quokkas
  4 bats
  4 kobolds
  7 rats
48 creatures vanquished.

Notes
Turn   | Place    | Note
-------+----------+-------------------------------------------
     0 | D:1      | diana the Octopode Assassin began the quest for the Orb.
     0 | D:1      | Reached XP level 1. HP: 14/14 MP: 1/1
   119 | D:1      | Reached XP level 2. HP: 19/19 MP: 2/2
   638 | D:2      | Reached XP level 3. HP: 24/24 MP: 3/3
   740 | D:2      | Found a snail-covered altar of Cheibriados.
   811 | D:2      | Found a shattered altar of Ashenzari.
  1130 | D:2      | Reached XP level 4. HP: 28/30 MP: 4/4
  1336 | D:3      | Reached skill level 6 in Stealth
  1552 | D:3      | Slain by an orc

Skill      XL: |  1  2  3  4 |
---------------+-------------+-----
Short Blades   | 3 |  3.4
Dodging        | 2 |  2.1
Stealth        | 6 |  6.0
Fighting       | |  2.7
Throwing       | |  2.0

Action                   |  1- 3 |  4- 6 || total
-------------------------+-------+-------++-------
Melee: Dagger            |    52 |    39 ||    91
       Constrict         |    10 |    12 ||    22
       Tentacles         |     6 |     6 ||    12
  Use: Potion            |       |     1 ||     1
 Stab: Sleeping          |    16 |     2 ||    18
  Eat: Chunk             |       |     2 ||     2
Armor: Skin              |     4 |       ||     4
Dodge: Dodged            |    27 |    22 ||    49
